 Dungeon Sprint DCSS version 0.31-a0-1042-ga9834b393d (webtiles) character file.

Game seed: 17831406816787990535

0 theswoord the Charlatan (level 1, -2/13 HPs)
             Began as a Demonspawn Wanderer on Nov 20, 2023.
             Was an Initiate of Qazlal.
             Slain by a polar bear (8 damage)
             ... in the Dungeon (Sprint V: "Ziggurat Sprint").
             The game lasted 00:02:23 (134 turns).

theswoord the Charlatan (Demonspawn Wanderer)        Turns: 134, Time: 00:02:23

Health: -2/13      AC: 20    Str: 12    XL:     1   Next: 0%
Magic:  2/2        EV: -2    Int: 14    God:    Qazlal [......]
Gold:   0          SH:  0    Dex: 11    Spells: 1/2 levels left

rFire   . . .        C - +27 heavy crossbow "Sniper" {heavy, Acc+∞ SInv}
rCold   . . .        (shield currently unavailable)
rNeg    . . .        A - +5 crystal plate armour
rPois   .            (no helmet)
rElec   .            b - +0 cloak
rCorr   .            (no gloves)
SInv    +            (no boots)
Will    .....        (no amulet) Stlth
                     (no ring)
HPRegen 0.22/turn    (no ring)
MPRegen 0.08/turn

%: no teleportation
@: invisible
A: no striking features
a: Renounce Religion


You were in the Dungeon.
You worshipped Qazlal.
Qazlal was noncommittal.
You visited 1 branch

Inventory:

Hand Weapons
 a - a +0 club
 B - a +5 lajatang
 C - the +27 heavy crossbow "Sniper" (weapon) {heavy, Acc+∞ SInv}
   (You found it in the Dungeon)

   Acc+∞: It never misses its target.
   SInv:      It lets you see invisible.
Armour
 b - a +0 cloak (worn)
 d - a +0 robe
 A - a +5 crystal plate armour (worn)
Talismans
 w - a serpent talisman
 x - a blade talisman
 y - a maw talisman
 z - a beast talisman
Wands
 e - a wand of iceblast (10)
 u - a wand of mindburst (7)
 v - a wand of light (7)
Scrolls
 c - a scroll of teleportation
 k - 4 scrolls of blinking
 q - 4 scrolls of amnesia
 r - 7 scrolls of fog
 s - 5 scrolls of identify
 t - 2 scrolls of fear
Potions
 f - 10 potions of curing
 g - 10 potions of heal wounds
 h - 6 potions of haste
 i - 7 potions of magic
 j - 3 potions of berserk rage
 l - 2 potions of brilliance
 m - a potion of invisibility
 n - 4 potions of resistance
 o - a potion of experience
 p - 5 potions of might


   Skills:
 + Level 0.0 Fighting
 + Level 0.0 Armour
 + Level 2.6 Dodging
 - Level 1.0 Spellcasting
 - Level 1.7 Transmutations
 + Level 0.0 Invocations
 - Level 4.0 Evocations


You had one spell level left.
You knew the following spells:

 Your Spells              Type           Power      Damage    Failure   Level
a - Sting                 Tmut/Pois      12%        1d3       100%        1

Your spell library contained the following spells:

 Spells                   Type           Power      Damage    Failure   Level
 Ignite Poison            Fire/Tmut/Pois 2%         N/A       100%        3


Dungeon Overview and Level Annotations

Branches:
Dungeon (1/1)

Altars:
Ashenzari
Cheibriados
Dithmenos
Fedhas
Gozag
Hepliaklqana
Kikubaaqudgha
Makhleb
Nemelex Xobeh
Okawaru
Qazlal
Ru
Sif Muna
Trog
Uskayaw
Vehumet
Wu Jian
Xom
Yredelemnul
Jiyva
Lugonu

Annotations:
D 1 transporter


Message History

There are no items here.
Items here: )))).
Things that are here:
a +5 bardiche; a +5 demon trident
Things that are here:
a +5 executioner's axe; a +5 battleaxe; a +5 broad axe
Items here: [[[[[.
Okay, then.
Items here: )))) [[.
C - the +27 heavy crossbow "Sniper" {heavy, Acc+∞ SInv}
C - the +27 heavy crossbow "Sniper" (weapon)
{heavy, Acc+∞ SInv} You start removing your armour.
You continue taking off your +0 robe. x4
You finish taking off your +0 robe.
You start putting on your armour.
You continue putting on your +5 crystal plate armour. x5
You finish putting on your +5 crystal plate armour.
There is a transporter here.
Welcome to arena 1.
You enter the transporter and appear at another place.
An adder simulacrum and a polar bear come into view.
The polar bear growls angrily.
Found two items.
Found a transporter.
Okay, then.
You fade into invisibility!
You shoot a bolt. The bolt hits the adder simulacrum!!!
Qazlal accepts your kill.
The polar bear is engulfed in freezing vapours.
The polar bear bites you.
The polar bear claws you but does no damage. x2
The polar bear is engulfed in freezing vapours.
The polar bear bites you but does no damage.
The polar bear claws you but does no damage. x2
The polar bear is engulfed in freezing vapours.
The polar bear bites you.
* * * LOW HITPOINT WARNING * * *
The polar bear claws you but does no damage. x2
The polar bear is engulfed in freezing vapours.
The polar bear bites you!
Ouch! That really hurt!
You die...

▓▓▓▓▓▓▓
▓.8©8.▓
▓.....▓
▓.|.)@▓
▓....h▓
▓.....▓
▓..©..▓
▓▓▓▓▓▓▓


You could see a polar bear (unable to see you).

Vanquished Creatures
  An adder simulacrum (D)
1 creature vanquished.

Notes
Turn   | Place    | Note
-------+----------+-------------------------------------------
     0 | D        | theswoord the Demonspawn Wanderer began the quest for the
                  | Orb.
     0 | D        | theswoord set off with the following items: a +0 club, a +0
                  | cloak, a scroll of teleportation, a +0 robe, a wand of
                  | iceblast (3), a potion of curing, a potion of heal wounds,
                  | a potion of haste, 2 potions of magic, a potion of berserk
                  | rage, a scroll of blinking; and the following spell
                  | memorised: Sting; and the following spells available to
                  | memorise: Ignite Poison.
     0 | D        | Reached XP level 1. HP: 13/13 MP: 2/2
     0 | D        | Found a shimmering blue altar of Sif Muna.
     0 | D        | Found a sacrificial altar of Ru.
     0 | D        | Found a bloodstained altar of Trog.
     0 | D        | Found a stormy altar of Qazlal.
     0 | D        | Found an iron altar of Okawaru.
     0 | D        | Found a sparkling altar of Nemelex Xobeh.
     0 | D        | Found a blossoming altar of Fedhas.
     0 | D        | Found the +6 Majin-Bo {spellvamp, MP+6 Int+6}
     0 | D        | Found the +27 heavy crossbow "Sniper" {heavy, Acc+∞ SInv}
     0 | D        | Found the +10 dark maul {heavy}
     0 | D        | Found the +15 Maxwell's patent armour {-Cast -Tele rElec
                  | Will+ rCorr}
     0 | D        | Found the +18 shield of the Gong {Loud rN+ Will+ rCorr
                  | EV-5}
     0 | D        | Found the +16 obsidian axe {drain, demonic, Mesm Drain Fly
                  | SInv}
     0 | D        | Found the +7 great mace "Firestarter" {flame, immolate,
                  | rFlCloud rF++}
     0 | D        | Found the +6 shillelagh "Devastator" {shatter}
     0 | D        | Found the +11 plutonium sword {Contam Stlth-}
     0 | D        | Found the +8 lance "Wyrmbane" {slay drac, rPois rF+ rC+
                  | AC+3}
     0 | D        | Found the +9 sword of Zonguldrok {reap}
     0 | D        | Found the +13 scythe of Curses {drain, curses, Drain}
     0 | D        | Found the +9 sword of Power {lifebolt}
     0 | D        | Found the +7 mace of Variability {chaos, chaos arc}
     0 | D        | Found the +11 Singing Sword {sonic wave}
     0 | D        | Found the +8 storm bow {elec, penet}
     2 | D        | Found a transporter.
     2 | D        | Found an ancient bone altar of Kikubaaqudgha.
     2 | D        | Found a viscous altar of Jiyva.
     2 | D        | Found a corrupted altar of Lugonu.
     2 | D        | Found a hazy altar of Hepliaklqana.
     2 | D        | Found a burning altar of Makhleb.
     2 | D        | Found an opulent altar of Gozag.
    46 | D        | Became a worshipper of Qazlal Stormbringer
   129 | D        | Entered arena 2.
   129 | D        | Noticed a polar bear
   129 | D        | Found a transporter.
   134 | D        | Slain by a polar bear

Action                     || total
---------------------------++-------
   Fire: Heavy crossbow    ||     1
    Use: Potion            ||     1
 Armour: Crystal plate arm ||    10

Levels and vault maps discovered:
D:        sprint_v [room_start, room_1, room_2, room_3, room_4, room_5, room_6,
          room_7, room_8, room_9, room_10, room_11, room_12, room_13, room_14,
          room_15, room_16, room_17, room_18, room_19, room_20, room_21,
          room_22, room_23, room_24, room_25, room_26, room_27]
